Map: Disco Bloodbath LE

Players

Stephano - Winner!

  • Race: Zerg Zerg
  • Spawn Location: 9:00

NYK

  • Race: Zerg Zerg
  • Spawn Location: 3:00

VOD

Have the link to the VOD?

Description

Time

  • Played on: Sept. 6, 2019, 1:34 p.m.
  • Length: 9:40
Show
View Real Time Build Order
Export as new Build Order

Stephano Zerg - Winner!

Build Orders: Hatch First 

Get SALT Encoding   

  12  0:00  Drone  
  13  0:12  Overlord  
  13  0:17  Drone  
  14  0:30  Drone x2  
  16  0:47  Hatchery  
  15  0:50  Drone  
  15  0:53  Drone  
  17  0:57  Drone  
  18  1:09  Extractor  
  17  1:12  Spawning Pool  
  17  1:15  Drone  
  17  1:18  Drone  
  18  1:27  Drone  
  19  1:38  Drone  
  20  1:49  Drone  
  21  2:00  Overlord, Queen x2  
  21  2:01  Zergling x2  
  26  2:10  Drone x2  
  26  2:12  Metabolic Boost  
  28  2:22  Drone x2  
  30  2:32  Hatchery  
  30  2:34  Drone  
  30  2:40  Queen  
  32  2:46  Overlord  
  32  2:54  Drone  
  32  2:55  Baneling Nest  
  32  2:57  Drone  
  33  3:01  Drone x2  
  33  3:04  Drone x2  
  37  3:11  Drone  
  38  3:16  Zergling x6  
  38  3:17  Drone  
  42  3:23  Overlord  
  42  3:25  Drone x2  
  44  3:40  Overlord  
  44  3:43  Zergling x10  
  44  3:44  Baneling  
  44  3:47  Extractor x2  
  47  3:51  Drone x4  
  47  3:52  Evolution Chamber  
  50  4:00  Baneling x2  
  50  4:02  Zergling x8  
  52  4:05  Lair  
  52  4:08  Drone x2  
  54  4:13  Zergling x2  
  54  4:14  Zergling x4  
  54  4:15  Zergling x2  
  58  4:19  Baneling x2  
  58  4:23  Baneling  
  58  4:25  Zergling x6  
  58  4:31  Zergling x6  
  58  4:39  Drone x4  
  61  4:49  Drone x4  
  64  4:57  Drone  
  64  4:58  Drone, Zerg Melee Weapons Level 1  
  64  5:14  Spire, Zergling x2  
  61  5:15  Zergling x6, Extractor  
  61  5:18  Overlord  
  61  5:21  Overlord  
  64  5:23  Overlord  
  64  5:26  Baneling x3  
  64  5:27  Baneling  
  64  5:28  Baneling x2  
  63  5:31  Zergling x2  
  63  5:32  Overlord, Zergling x2  
  65  5:37  Overlord  
  66  5:42  Drone  
  66  5:43  Drone x2  
  66  5:45  Overlord  
  65  5:59  Zergling x22  
  65  6:00  Overseer  
  65  6:01  Baneling x4  
  72  6:09  Zergling x2  
  72  6:10  Zergling x12  
  67  6:16  Zergling x6  
  68  6:25  Zergling x4  
  56  6:32  Queen  
  55  6:36  Zergling x2  
  55  6:37  Zergling x6  
  59  6:40  Baneling  
  59  6:43  Zergling x2, Queen  
  57  6:50  Zergling x4, Queen  
  56  6:57  Evolution Chamber  
  54  7:04  Zergling x6  
  54  7:06  Evolution Chamber  
  54  7:12  Mutalisk x3  
  54  7:13  Baneling  
  54  7:14  Baneling  
  59  7:22  Mutalisk x3  
  57  7:26  Baneling x2  
  62  7:32  Mutalisk x2  
  64  7:38  Mutalisk x2  
  68  7:47  Mutalisk  
  68  7:57  Drone  
  68  7:58  Drone x2  
  71  8:03  Hatchery  
  71  8:04  Zergling x6  
  73  8:11  Zergling x4  
  75  8:29  Drone  
  75  8:31  Mutalisk x4  
  75  8:33  Drone x2  
  86  8:38  Zergling x4, Baneling x2  
  89  9:02  Zergling x2  
  89  9:03  Evolution Chamber, Zergling x16  
  96  9:16  Zergling x6  
  99  9:17  Baneling x3  
  103  9:25  Baneling x3  
Show
View Real Time Build Order
Export as new Build Order

NYK Zerg 

Build Orders: Hatch First, Zergling Baneling 

Get SALT Encoding   

  12  0:01  Drone  
  13  0:12  Overlord  
  13  0:17  Drone  
  14  0:30  Drone x2  
  16  0:48  Hatchery  
  15  0:51  Drone  
  15  0:55  Drone  
  17  0:59  Drone  
  18  1:09  Extractor  
  17  1:13  Spawning Pool  
  17  1:16  Drone  
  17  1:19  Drone  
  18  1:28  Drone  
  19  1:38  Overlord  
  19  1:51  Drone  
  20  2:00  Queen x2  
  24  2:01  Drone x2  
  26  2:08  Metabolic Boost  
  26  2:12  Drone x2  
  28  2:26  Zergling x2  
  28  2:29  Zergling x2  
  30  2:33  Drone x2  
  32  2:42  Hatchery  
  31  2:47  Drone x2  
  33  2:56  Evolution Chamber  
  32  3:03  Overlord  
  32  3:11  Drone x4  
  32  3:12  Overlord, Baneling Nest  
  35  3:19  Overlord  
  35  3:26  Zergling x10  
  40  3:31  Zerg Melee Weapons Level 1  
  40  3:39  Overlord  
  39  3:43  Queen  
  41  3:50  Queen  
  43  4:00  Zergling x2  
  43  4:01  Zergling x6  
  41  4:04  Zergling x8  
  41  4:05  Zergling x2  
  46  4:11  Zergling x6  
  49  4:20  Baneling x4  
  45  4:35  Zergling x16  
  45  4:47  Baneling x2  
  45  4:48  Overlord  
  45  4:49  Zergling x6  
  47  4:55  Baneling x3  
  47  4:57  Zergling x4  
  46  5:10  Zergling x8  
  49  5:17  Overlord, Extractor  
  48  5:24  Zergling x2  
  48  5:25  Zergling x14  
  48  5:27  Baneling  
  56  5:28  Baneling  
  56  5:29  Baneling x2  
  55  5:37  Zergling x2  
  55  5:38  Zergling x6  
  59  5:44  Overlord  
  59  5:55  Baneling  
  59  5:56  Baneling x2  
  55  5:58  Zergling x18  
  60  6:07  Zergling x4  
  55  6:24  Zergling x2  
  55  6:25  Zergling x16  
  55  6:32  Zergling x2  
  53  6:34  Baneling  
  53  6:39  Overlord  
  51  6:44  Queen  
  51  6:46  Zergling x6  
  53  6:51  Zergling x4  
  51  6:58  Zergling x4  
  51  7:03  Baneling x2  
  51  7:06  Zergling x2  
  50  7:11  Zergling x2  
  50  7:12  Zergling x4  
  53  7:16  Drone x4  
  56  7:25  Zergling x2  
  56  7:26  Zergling x6  
  56  7:29  Baneling  
  59  7:30  Baneling x3  
  59  7:36  Zergling x6  
  59  7:41  Zergling x4  
  59  7:50  Zergling x2  
  59  7:51  Zergling x8  
  53  8:04  Drone x4  
  53  8:05  Drone x3  
  56  8:13  Queen  
  56  8:14  Queen  
  56  8:15  Baneling  
  56  8:16  Baneling  
  60  8:22  Spore Crawler  
  60  8:26  Drone x2  
  61  8:28  Spore Crawler  
  61  8:32  Spore Crawler  
  59  8:34  Spore Crawler  
  59  8:40  Spore Crawler  
  56  8:55  Spore Crawler  
  55  8:56  Queen  
  55  9:11  Spore Crawler  
  55  9:16  Drone x7  
Tags
 
Add a new tag
Caveats
  • Supply blocks, unpowered buildings, or Contaminate may cause inaccurate times.
  • Supply counts are checked every 10 seconds.